 Dungeon Crawl Stone Soup version 0.32-a0-665-g3d30ec2550 (webtiles) character file.

Game seed: 13781177041599765365

7075 Armakuni the Cruncher (level 10, -6/81 HPs)
             Began as a Demigod Gladiator on Mar 9, 2024.
             Shot with an arrow by a centaur warrior (12 damage)
             ... on level 9 of the Dungeon.
             The game lasted 00:19:17 (6851 turns).

Armakuni the Cruncher (Demigod Gladiator)           Turns: 6851, Time: 00:19:18

Health: -6/81      AC: 12    Str: 25    XL:     10   Next: 54%
Magic:  23/23      EV: 13    Int: 18    God:
Gold:   444        SH:  0    Dex: 15    Spells: 7/11 levels left

rFire   . . .        a - +0 quarterstaff
rCold   . . .        (shield currently unavailable)
rNeg    . . .        g - +0 ring mail
rPois   .            t - +0 helmet
rElec   .            o - +1 cloak
rCorr   .            w - +0 pair of gloves
SInv    .            y - +0 pair of boots
Will    +....        R - amulet of regeneration
Stlth   +            V - +6 ring of strength
HPRegen 1.13/turn    M - ring of magical power
MPRegen 0.18/turn

%: no passive effects
@: no status effects
A: high MP 1, forlorn, divine attributes
a: no special abilities


You were on level 9 of the Dungeon.
You visited 2 branches of the dungeon, and saw 10 of its levels.

You collected 444 gold pieces.

Inventory:

Hand Weapons
 a - a +0 quarterstaff (weapon)
 f - a +2 dagger of venom
Missiles
 e - a javelin
Armour
 g - a +0 ring mail (worn)
 o - a +1 cloak (worn)
 t - a +0 helmet (worn)
 w - a +0 pair of gloves (worn)
 y - a +0 pair of boots (worn)
Jewellery
 d - a +6 ring of intelligence
 l - a ring of magical power
 u - a ring of fire
 A - a +6 ring of dexterity
 F - a ring of protection from fire
 M - a ring of magical power (right hand)
 R - an amulet of regeneration (around neck)
 V - a +6 ring of strength (left hand)
Wands
 j - a wand of polymorph (13)
 x - a wand of flame (19)
Scrolls
 b - a scroll of enchant weapon
 h - a scroll of noise
 m - 2 scrolls of teleportation
 p - 2 scrolls of enchant armour
 r - a scroll of fear
 s - a scroll of amnesia
 v - a scroll of vulnerability
 z - a scroll of silence
 B - 2 scrolls of identify
Potions
 k - 3 potions of mutation
 q - 3 potions of attraction


   Skills:
 - Level 5.0 Fighting
 - Level 12.0 Staves
 - Level 1.7 Throwing
 - Level 5.0 Armour
 - Level 5.0 Dodging
 + Level 1.0 Spellcasting
 + Level 1.1 Conjurations
 + Level 1.1 Translocations
 - Level 5.0 Evocations


You had 7 spell levels left.
You knew the following spells:

 Your Spells              Type           Power      Damage    Failure   Level
m - Iskenderun's Mystic   Conj/Tloc      5%         2d3       88%         4

Your spell library contained the following spells:

 Spells                   Type           Power      Damage    Failure   Level
 Foxfire                  Conj/Fire      12%        2x1d4     22%         1
 Volatile Blastmotes      Fire/Tloc      4%         2d10      56%         3
 Ozocubu's Armour         Ice            0%         N/A       65%         3
 Fulminant Prism          Conj/Alch      1%         3d5       92%         4
 Summon Blazeheart Golem  Fire/Summ      0%         N/A       96%         4
 Metabolic Englaciation   Hex/Ice        0%         N/A       100%        5
 Plasma Beam              Fire/Air       0%         2x1d10    100%        6
 Sculpt Simulacrum        Ice/Alch       0%         N/A       100%        6
 Starburst                Conj/Fire      1%         6d3       100%        6
 Orb of Destruction       Conj           2%         9d5       100%        7
 Spellforged Servitor     Conj/Summ      1%         N/A       100%        7


Dungeon Overview and Level Annotations

Branches:
Dungeon (9/15)             Temple (1/1) D:5
   Lair: D:8-11         Orc: D:9-12

Shops:
D:1 (   D:4 [

Annotations:
D:6 1 runed translucent door, Alarak's ghost, novice DsFE
D:7 1 runed translucent door
D:9 Joseph


Innate Abilities, Weirdness & Mutations

You have an increased reservoir of magic. (+10% MP)
You shall have no god before yourself.
Your divine heritage dramatically boosts your attributes as you level up.


Message History

Your Spellcasting skill increases to level 1!
Your Translocations skill increases to level 1!
Joseph shoots a sling bullet.
The sling bullet closely misses you.
There is an open door, spattered with blood here.
Things that are here:
a +1 scimitar of flaming; +0 swamp dragon scales Joseph shoots a sling bullet.
The sling bullet hits you.
Joseph zaps a wand.
Your will is overpowered!
You are confused.
You hit Joseph but do no damage.
Joseph unwields a +0 sling.
Joseph wields a +0 quarterstaff.
Joseph hits you with a +0 quarterstaff!
You're too confused to move!
The centaur warrior shouts!
Joseph zaps a wand.
You easily resist.
The centaur warrior shoots an arrow.
The arrow hits you!
Joseph zaps a wand.
You easily resist.
The centaur warrior shoots an arrow.
The arrow hits you.
The centaur warrior shoots an arrow.
The arrow hits you!!
The centaur warrior shoots an arrow.
The arrow hits you!
* * * LOW HITPOINT WARNING * * *
Joseph unwields a +0 quarterstaff.
Joseph wields a +0 sling.
Joseph shoots a sling bullet.
The sling bullet closely misses you.
You are too confused!
Okay, then.
It was a potion of magic.
Magic courses through your body.
The centaur warrior shoots an arrow.
The arrow completely misses you.
The centaur warrior shoots an arrow.
The arrow hits you!
* * * LOW HITPOINT WARNING * * *
Joseph shoots a sling bullet.
The sling bullet barely misses you.
You are too confused!
Okay, then.
You bump into the rock wall.
You feel less confused.
The centaur warrior shoots an arrow.
The arrow hits you!
* * * LOW HITPOINT WARNING * * *
Joseph shoots a sling bullet.
The sling bullet hits you but does no damage.
Unknown command.
The centaur warrior shoots an arrow.
The arrow hits you!
You die...

#............
##'#....##### #.#.##.+
#.#....# #
########.######## #.#
#...............#
#...####)########...#
#........@......#...#
#.....@....#..#.#...#
#.#.....#..# ..#...#
#.......#..# #####
#.......#.... #######
#.#.c...#.#######......
#.#..#..#.#.....#...###
#.#..#..#.#.....#<..###
#....#....#.....#......
#.........#####'#######


You could see Joseph and a centaur warrior.

Vanquished Creatures
  Harold (D:9)
  A two-headed ogre (D:7)
  A skyshark (D:8)
  2 kobold demonologists (D:9)
  Grinder (D:4)
  A wyvern (D:9)
  2 yaks (D:8)
  2 steam dragons (D:6)
  Edmund (D:4)
  A water moccasin (D:6)
  4 orc warriors
  3 ice beasts (D:6)
  A sky beast (D:6)
  2 black bears
  A tengu (D:9)
  An ogre (D:4)
  2 centaurs
  A phantom (D:5)
  2 kobold brigands (D:9)
  Blork the orc (D:4)
  6 bullfrogs
  5 scorpions
  4 wights (D:7)
  9 killer bees
  A bombardier beetle (D:6)
  4 hounds
  2 orc priests
  A jelly (D:6)
  2 iguanas (D:4)
  4 sleepcaps
  Natasha (thrice) (D:4)
  2 orc wizards (D:6)
  6 gnolls
  9 adders
  5 shadow imps
  A white imp (D:5)
  2 ufetubi (D:6)
  2 ribbon worms
  4 dart slugs
  11 orcs
  3 bats
  5 endoplasms
  4 giant cockroaches
  5 goblins
  2 hobgoblins (D:4)
  A jackal (D:2)
  10 kobolds
  2 quokkas
  5 ball pythons
  4 frilled lizards
  3 rats
158 creatures vanquished.

Vanquished Creatures (collateral kills)
  A yak (D:8)
1 creature vanquished.

Vanquished Creatures (others)
  2 yaks (D:8)
2 creatures vanquished.

Grand Total: 161 creatures vanquished

Notes
Turn   | Place    | Note
-------+----------+-------------------------------------------
     0 | D:1      | Armakuni the Demigod Gladiator began the quest for the Orb.
     0 | D:1      | Reached XP level 1. HP: 17/17 MP: 3/3
   219 | D:1      | Found Vypten's Antique Weapon Shop.
   349 | D:1      | Reached skill level 3 in Staves
   691 | D:2      | Reached XP level 2. HP: 13/24 MP: 4/4
   883 | D:2      | Reached skill level 4 in Staves
   883 | D:2      | Reached XP level 3. HP: 29/29 MP: 5/5
  1572 | D:3      | Reached XP level 4. HP: 36/36 MP: 6/6
  1822 | D:3      | You fall into a shaft and drop 1 floor!
  1876 | D:4      | Noticed Grinder
  1884 | D:4      | Paralysed by Grinder for 3 turns
  1900 | D:4      | Killed Grinder
  1901 | D:4      | Reached skill level 6 in Staves
  1901 | D:4      | Reached XP level 5. HP: 41/41 MP: 7/7
  1954 | D:4      | Noticed a +0 spear
  1955 | D:4      | Noticed a +0 falchion
  1955 | D:4      | Noticed a +0 short sword
  1955 | D:4      | Noticed a +0 spear
  1956 | D:4      | Noticed a +0 dagger
  1957 | D:4      | Noticed a +0 short sword
  1958 | D:4      | Noticed a +0 dagger
  1959 | D:4      | Noticed a +0 falchion
  1988 | D:4      | Reached XP level 6. HP: 46/48 MP: 8/8
  1996 | D:4      | Noticed Natasha
  2062 | D:4      | Killed Natasha
  2077 | D:4      | Noticed Natasha
  2094 | D:4      | Killed Natasha
  2095 | D:4      | Reached skill level 7 in Staves
  2322 | D:3      | Learned a level 4 spell: Iskenderun's Mystic Blast
  2368 | D:4      | Found Paklopt's Armour Emporium.
  2451 | D:4      | Noticed Edmund
  2463 | D:4      | Killed Edmund
  2464 | D:4      | Reached skill level 8 in Staves
  2464 | D:4      | Reached XP level 7. HP: 51/53 MP: 9/9
  2477 | D:4      | Noticed Natasha
  2497 | D:4      | Killed Natasha
  2545 | D:4      | Noticed Blork the orc
  2552 | D:4      | Killed Blork the orc
  2653 | D:5      | Entered Level 5 of the Dungeon
  2762 | D:5      | Reached skill level 9 in Staves
  3107 | D:5      | Found a staircase to the Ecumenical Temple.
  3122 | Temple   | Entered the Ecumenical Temple
  3284 | D:6      | Noticed a steam dragon
  3321 | D:6      | Killed a steam dragon
  3322 | D:6      | Reached XP level 8. HP: 53/60 MP: 10/10
  3474 | D:6      | Reached skill level 10 in Staves
  3800 | D:6      | Reached skill level 11 in Staves
  3925 | D:6      | Found a runed translucent door.
  3925 | D:6      | Noticed Alarak's ghost (novice DsFE)
  3927 | D:6      | Noticed a +0 mace of chaos
  3953 | D:6      | Reached XP level 9. HP: 29/67 MP: 11/11
  4173 | D:6      | Reached skill level 12 in Staves
  4397 | D:7      | Noticed a two-headed ogre
  4406 | D:6      | Reached skill level 1 in Evocations
  4440 | D:7      | Found a runed translucent door.
  4443 | D:7      | Noticed a sixfirhy
  4500 | D:7      | Killed a two-headed ogre
  4686 | D:7      | Reached skill level 5 in Evocations
  4755 | D:7      | Reached skill level 1 in Armour
  5560 | D:8      | Reached XP level 10. HP: 71/77 MP: 13/13
  5703 | D:8      | Noticed Erica
  5705 | D:8      | Erica changed into Erica the skyshark
  5705 | D:8      | Noticed Erica
  6045 | D:8      | Killed Erica the skyshark
  6199 | D:9      | Noticed Harold
  6223 | D:9      | Killed Harold
  6470 | D:9      | Reached skill level 5 in Dodging
  6477 | D:9      | Noticed a skeletal warrior
  6482 | D:9      | Noticed a centaur warrior
  6482 | D:9      | Noticed a manticore
  6718 | D:9      | Reached skill level 5 in Fighting
  6722 | D:9      | Reached skill level 5 in Armour
  6794 | D:9      | Reached skill level 1 in Conjurations
  6828 | D:9      | Noticed Maggie
  6829 | D:9      | Noticed Joseph
  6834 | D:9      | Maggie changed into Maggie the tengu
  6834 | D:9      | Noticed Maggie
  6839 | D:9      | Killed Maggie the tengu
  6840 | D:9      | Reached skill level 1 in Spellcasting
  6840 | D:9      | Reached skill level 1 in Translocations
  6851 | D:9      | Shot with an arrow by a centaur warrior

Illustrated notes

Levels and vault maps discovered:
D:1:      lightli_arrival_statuegarden, layout_basic, serial_shops,
          nicolae_shop_tiny_glass, hex_medium, nicolae_the_louvre
D:2:      layout_loops_ring, minmay_hexomino_c4
D:3:      layout_rooms, mainiacjoe_overflow_small_starburst
D:4:      layout_rooms, nicolae_uskayaw_en_pointe, serial_shops, shop_statue,
          uniq_blork_the_orc, uniq_edmund, uniq_grinder, uniq_natasha
D:5:      layout_basic, lemuel_round_altar, minmay_temple_entry_offerings
D:6:      minmay_recursive_quarters, layout_basic, ebering_ghost_xom,
          glass_columns_a
D:7:      layout_basic, nzn_makhleb_speed_demon
D:8:      layout_loops_ring, uniq_erica
D:9:      wad_arrow_thing, layout_stronghold, grunt_temple_overflow_open,
          uniq_maggie, uniq_pikel, uniq_joseph, uniq_harold
Temple:   nicolae_temple_two_arcs

Skill      XL: |  1  2  3  4  5  6  7  8  9 10 |
---------------+-------------------------------+-----
Staves         | 3 4 6 8 9 11 12 | 12.0
Evocations     | 5 |  5.0
Fighting       | 3 5 |  5.0
Armour         | 2 5 |  5.0
Dodging        | 3 5 |  5.0
Conjurations   | 1 |  1.1
Spellcasting   | 1 |  1.0
Translocations | 1 |  1.1
Throwing       | |  1.7

Action                     |  1- 3 |  4- 6 |  7- 9 | 10-12 || total
---------------------------+-------+-------+-------+-------++-------
  Melee: Quarterstaff      |   112 |   123 |   428 |   119 ||   782
  Throw: Throwing net      |       |     5 |     2 |     2 ||     9
  Evoke: Wand              |       |       |     4 |     4 ||     8
    Use: Scroll            |     3 |       |    14 |     5 ||    22
         Potion            |       |     1 |     4 |     3 ||     8
   Stab: Sleeping          |     1 |       |       |       ||     1
         Held in net/web   |       |     1 |     3 |     5 ||     9
 Armour: Ring mail         |    64 |    77 |   286 |    78 ||   505
         Leather armour    |     3 |       |       |       ||     3
         Skin              |       |     7 |       |       ||     7
  Dodge: Dodged            |    70 |    62 |   240 |    53 ||   425

Table legend: (Time is in decaauts)
 A = Elapsed time spent in this place.
 B = Non-inter-level travel time spent in this place.
 C = Inter-level travel time spent in this place.
 D = Time resting spent in this place.
 E = Time spent auto-exploring this place.
 F = Levels seen in this place.
 G = Mean time per level.
                   A        B        C        D        E       F      G
               +--------+--------+--------+--------+--------+-----+--------+
         Total |   6714 |   6395 |    319 |    607 |   3929 |  10 |  671.4 |
       Dungeon |   6712 |   6393 |    319 |    607 |   3929 |   9 |  745.8 |
        Temple |      1 |      1 |      0 |      0 |      0 |   1 |    1.0 |
               +--------+--------+--------+--------+--------+-----+--------+

Top non-repeatable levels by time:
     D:8: 1146 daAuts
     D:6: 1045 daAuts
     D:2: 754 daAuts
     D:4: 725 daAuts
     D:7: 690 daAuts
     D:1: 673 daAuts
     D:5: 670 daAuts
     D:3: 511 daAuts
     D:9: 496 daAuts
  Temple: 1 daAuts
